 Dungeon Crawl Stone Soup version 0.29-a0-664-gff9cad4a3d (webtiles) character file.

Game seed: 12027836494523888041

166 DocClef the Shield-Bearer (level 5, -2/47 HPs)
             Began as a Gnoll Fighter on June 22, 2022.
             Succumbed to a scorpion's poison
             ... on level 3 of the Dungeon.
             The game lasted 00:02:49 (3000 turns).

DocClef the Shield-Bearer (Gnoll Fighter)           Turns: 3000, Time: 00:02:50

Health: -2/47      AC:  7    Str: 15 (17) XL:     5   Next: 47%
Magic:  7/7        EV:  9    Int:  6 (7)  God:
Gold:   142        SH:  5    Dex: 10 (12) Spells: 7/7 levels left

rFire   . . .      SeeInvis .   a - +0 flail (vorpal)
rCold   . . .      Faith    .   c - +0 buckler
rNeg    . . .      Spirit   .   b - +0 scale mail
rPois   .          Reflect  .   (helmet restricted)
rElec   .          Harm     .   (no cloak)
rCorr   .          Rampage  .   (no gloves)
Will    .....                   (no boots)
Stlth   ..........              (no amulet)
HPRegen 0.00/turn               (no ring)
MPRegen 0.10/turn               (no ring)

@: lethally poisoned (-2 -> -24), inhibited regen
A: fangs 1, strong nose, distributed training, horns 1, inhibited regeneration
a: no special abilities


You were on level 3 of the Dungeon.
You visited 1 branch of the dungeon, and saw 4 of its levels.

You collected 142 gold pieces.

Inventory:

Hand Weapons
 a - a +0 vorpal flail (weapon)
Armour
 b - a +0 scale mail (worn)
 c - a +0 buckler (worn)
Jewellery
 h - a +4 ring of slaying
 m - a +4 ring of slaying
Scrolls
 f - 3 scrolls of identify
 j - a scroll of enchant weapon {unknown}
 k - a scroll of magic mapping {unknown}
 n - a scroll of blinking {unknown}
Potions
 d - 2 potions of might
 e - 2 potions of flight
 i - a potion of heal wounds
 l - a potion of degeneration


   Skills:
 + Level 6.7 Fighting
 + Level 1.5 Short Blades
 + Level 1.5 Long Blades
 + Level 1.5 Axes
 + Level 4.8 Maces & Flails
 + Level 1.5 Polearms
 + Level 1.5 Staves
 + Level 1.5 Slings
 + Level 1.5 Bows
 + Level 1.5 Crossbows
 + Level 1.5 Throwing
 + Level 6.7 Armour
 + Level 1.5 Dodging
 + Level 1.5 Stealth
 + Level 6.7 Shields
 + Level 1.5 Unarmed Combat
 + Level 1.5 Spellcasting
 + Level 1.2 Conjurations
 + Level 1.2 Hexes
 + Level 1.2 Summonings
 + Level 1.2 Necromancy
 + Level 1.2 Translocations
 + Level 1.2 Transmutations
 + Level 1.2 Fire Magic
 + Level 1.2 Ice Magic
 + Level 1.2 Air Magic
 + Level 1.2 Earth Magic
 + Level 1.2 Poison Magic
 + Level 1.7 Invocations
 + Level 1.5 Evocations


You had 7 spell levels left.
You didn't know any spells.
Your spell library contained the following spells:

 Spells                   Type           Power      Damage    Failure   Level
 Shock                    Conj/Air       4%         1d3       73%         1
 Swiftness                Air            1%         N/A       97%         3
 Airstrike                Air            0%         N/A       100%        4


Dungeon Overview and Level Annotations

Branches:
Dungeon (4/15)
 Temple: D:4-7

Altars:

Annotations:
D:4 Grinder, Ijyb


Innate Abilities, Weirdness & Mutations

You have very sharp teeth.
Your uncanny sense of smell can sniff out nearby items.
Your experience applies equally to all skills.
You have a pair of small horns on your head.
You do not regenerate when monsters are visible.


Message History

You hit the scorpion but do no damage. You block the scorpion's attack.
The ball python bites you but does no damage.
The ball python barely misses you. The scorpion stings you.
You are poisoned.
The scorpion poisons you! The kobold closely misses you.
The ball python misses you. You block the ball python's attack.
You barely miss the scorpion.
You feel very sick. The scorpion closely misses you.
The ball python bites you but does no damage.
The ball python barely misses you. The kobold hits you but does no damage.
The scorpion stings you.
You are more poisoned.
The scorpion poisons you!
You hit the kobold but do no damage.
You feel very sick. You block the ball python's attack.
The ball python completely misses you. The kobold hits you but does no damage.
The scorpion barely misses you.
The ball python bites you but does no damage.
You block the ball python's attack.
You hit the kobold.
You kill the kobold!
You feel very sick. The scorpion stings you.
* * * LOW HITPOINT WARNING * * *
You are more poisoned.
The scorpion poisons you! You block the ball python's attack.
The ball python grabs you. The ball python constricts you.
You escape the ball python's grasp.
The scorpion attacks as you move away!
The scorpion stings you but does no damage.
The ball python attacks as you move away!
The ball python bites you but does no damage.
* * * LOW HITPOINT WARNING * * *
You feel very sick. The scorpion stings you.
* * * LOW HITPOINT WARNING * * *
Things that are here:
a +0 whip; 8 poisoned darts It was a potion of magic.
Magic courses through your body.
You die...

.######.# #.# .#
#.# #.# .# #.# #.#
.# #<#######.# .#
#.........# .#
#.#######.#
.######.# #.#
###.....# #.####
#.###.## #.@sS#
#.##...#########.#
###.#.....(...#
#.#
.........####.#
#.# ###.###.## #.#
#.# #.# #.# ##.#
#.# #.# #.# #..#
#.# #.# #.# #.##
##.# #.# #.# #.#
#..#


You could see a scorpion and a ball python.

Vanquished Creatures
  An orc priest (D:4)
  4 gnolls
  3 adders
  A shadow imp (D:3)
  3 dart slugs
  5 orcs
  5 ball pythons
  2 bats
  7 endoplasms
  2 giant cockroaches
  4 hobgoblins
  4 quokkas
  4 frilled lizards
  4 kobolds
  7 rats
56 creatures vanquished.

Vanquished Creatures (others)
  4 plants (D:1)
4 creatures vanquished.

Grand Total: 60 creatures vanquished

Notes
Turn   | Place    | Note
-------+----------+-------------------------------------------
     0 | D:1      | DocClef the Gnoll Fighter began the quest for the Orb.
     0 | D:1      | Reached XP level 1. HP: 23/23 MP: 1/1
   171 | D:1      | Reached XP level 2. HP: 28/29 MP: 2/2
   191 | D:1      | You fall into a shaft and drop 1 floor!
   556 | D:1      | Gained mutation: You do not regenerate when monsters are
                  | visible. [potion of mutation]
   556 | D:1      | Gained mutation: You have a pair of small horns on your
                  | head. [potion of mutation]
   731 | D:1      | Reached XP level 3. HP: 35/35 MP: 3/3
  1106 | D:2      | Reached skill level 1 in Invocations
  1348 | D:2      | Reached skill level 1 in Short Blades
  1348 | D:2      | Reached skill level 1 in Long Blades
  1348 | D:2      | Reached skill level 1 in Axes
  1348 | D:2      | Reached skill level 1 in Polearms
  1348 | D:2      | Reached skill level 1 in Staves
  1348 | D:2      | Reached skill level 1 in Slings
  1348 | D:2      | Reached skill level 1 in Bows
  1348 | D:2      | Reached skill level 1 in Crossbows
  1348 | D:2      | Reached skill level 1 in Throwing
  1348 | D:2      | Reached skill level 1 in Dodging
  1348 | D:2      | Reached skill level 1 in Stealth
  1348 | D:2      | Reached skill level 1 in Unarmed Combat
  1348 | D:2      | Reached skill level 1 in Spellcasting
  1348 | D:2      | Reached skill level 1 in Evocations
  1617 | D:3      | Reached XP level 4. HP: 39/41 MP: 5/5
  1734 | D:3      | Reached skill level 1 in Conjurations
  1734 | D:3      | Reached skill level 1 in Hexes
  1734 | D:3      | Reached skill level 1 in Summonings
  1734 | D:3      | Reached skill level 1 in Necromancy
  1734 | D:3      | Reached skill level 1 in Translocations
  1734 | D:3      | Reached skill level 1 in Transmutations
  1734 | D:3      | Reached skill level 1 in Fire Magic
  1734 | D:3      | Reached skill level 1 in Ice Magic
  1734 | D:3      | Reached skill level 1 in Air Magic
  1734 | D:3      | Reached skill level 1 in Earth Magic
  1734 | D:3      | Reached skill level 1 in Poison Magic
  2246 | D:3      | Reached XP level 5. HP: 45/47 MP: 6/6
  2784 | D:4      | Noticed Ijyb
  2930 | D:4      | Noticed Grinder
  2991 | D:4      | Noticed a lemure
  3000 | D:3      | Succumbed to a scorpion's poison

Illustrated notes

Levels and vault maps discovered:
D:1:      dpeg_arrival_radiant, layout_basic, nicolae_grassy_gnolls
D:2:      layout_loops_cross
D:3:      layout_loops_ring, minmay_surrounded
D:4:      minmay_angry_zag, layout_rooms, uniq_pikel, uniq_grinder, uniq_ijyb

Skill      XL: |  1  2  3  4 |
---------------+-------------+-----
Invocations    | 1 |  1.7
Short Blades   | 1 |  1.5
Long Blades    | 1 |  1.5
Axes           | 1 |  1.5
Polearms       | 1 |  1.5
Staves         | 1 |  1.5
Slings         | 1 |  1.5
Bows           | 1 |  1.5
Crossbows      | 1 |  1.5
Throwing       | 1 |  1.5
Dodging        | 1 |  1.5
Stealth        | 1 |  1.5
Unarmed Combat | 1 |  1.5
Spellcasting   | 1 |  1.5
Evocations     | 1 |  1.5
Conjurations   | 1 |  1.2
Hexes          | 1 |  1.2
Summonings     | 1 |  1.2
Necromancy     | 1 |  1.2
Translocations | 1 |  1.2
Transmutations | 1 |  1.2
Fire Magic     | 1 |  1.2
Ice Magic      | 1 |  1.2
Air Magic      | 1 |  1.2
Earth Magic    | 1 |  1.2
Poison Magic   | 1 |  1.2
Fighting       | |  6.7
Maces & Flails | |  4.8
Armour         | |  6.7
Shields        | |  6.7

Action                   |  1- 3 |  4- 6 || total
-------------------------+-------+-------++-------
Melee: Flail             |    98 |    79 ||   177
       Bite              |    10 |     8 ||    18
       Headbutt          |    11 |     6 ||    17
  Use: Potion            |     3 |     3 ||     6
       Scroll            |     3 |       ||     3
Armor: Scale mail        |    31 |    33 ||    64
Dodge: Dodged            |    45 |    41 ||    86
Block: Buckler           |    22 |    23 ||    45

Table legend: (Time is in decaauts)
 A = Elapsed time spent in this place.
 B = Non-inter-level travel time spent in this place.
 C = Inter-level travel time spent in this place.
 D = Time resting spent in this place.
 E = Time spent auto-exploring this place.
 F = Levels seen in this place.
 G = Mean time per level.
                   A        B        C        D        E       F      G
               +--------+--------+--------+--------+--------+-----+--------+
         Total |   3037 |   2899 |    138 |    380 |   2091 |   4 |  759.2 |
       Dungeon |   3037 |   2899 |    138 |    380 |   2091 |   4 |  759.2 |
               +--------+--------+--------+--------+--------+-----+--------+

Top non-repeatable levels by time:
     D:3: 1158 daAuts
     D:1: 810 daAuts
     D:2: 699 daAuts
     D:4: 369 daAuts
